 Dungeon Crawl Stone Soup version 0.25-a0-822-g6581751 (webtiles) character file.

Game seed: 16223038678447308742, levelgen mode: deterministic

2964 Faca the Fighter (level 10, -6/85 HPs)
             Began as a Human Fighter on Apr 18, 2020.
             Mangled by an ogre
             ... wielding a +0 giant spiked club
              (14 damage)
             ... on level 7 of the Dungeon on Apr 20, 2020.
             The game lasted 00:12:58 (7502 turns).

Faca the Fighter (Human Fighter)                    Turns: 7502, Time: 00:12:58

Health: -6/85      AC:  8    Str: 21    XL:     10   Next: 8%
Magic:  10/10      EV:  7    Int:  8    God:
Gold:   451        SH: 10    Dex: 12    Spells: 9/9 levels left

rFire    . . .     SeeInvis .   a - +1 flail
rCold    . . .     Gourm    .   c - +1 kite shield
rNeg     . . .     Faith    .   b - +0 scale mail
rPois    +         Spirit   .   (no helmet)
rElec    .         Reflect  .   (no cloak)
rCorr    .         Harm     .   (no gloves)
MR       .....                  (no boots)
Stlth    ..........             (no amulet)
HPRegen  0.24/turn              j - ring of poison resistance
MPRegen  0.12/turn              r - +2 ring of protection

@: no status effects
A: no striking features
a: no special abilities


You were on level 7 of the Dungeon.
You were not hungry.

You visited 2 branches of the dungeon, and saw 8 of its levels.

You collected 451 gold pieces.

Inventory:

Hand Weapons
 a - a +1 flail (weapon)
 t - a +3 morningstar
Missiles
 l - 6 javelins (quivered)
 x - 2 throwing nets
Armour
 b - a +0 scale mail (worn)
 c - a +1 kite shield (worn)
Jewellery
 j - a ring of poison resistance (left hand)
 k - an uncursed ring of protection from magic
 n - an uncursed ring of flight
 r - a +2 ring of protection (right hand)
Wands
 m - a wand of random effects (27)
Scrolls
 d - a scroll of fog
 e - 3 scrolls of remove curse
 g - a scroll of blinking
 o - a scroll of noise {unknown}
 q - 4 scrolls of teleportation
 s - 4 scrolls of identify
 w - a scroll of enchant armour
Potions
 h - 2 potions of flight
 i - 3 potions of haste
 p - a potion of ambrosia
 u - a potion of brilliance
Comestibles
 f - 13 rations


   Skills:
 + Level 9.9 Fighting
 + Level 9.6 Maces & Flails
 - Level 3.0 Armour
 - Level 3.0 Shields


You had 9 spell levels left.
You didn't know any spells.
Your spell library contained the following spells:

 Spells                   Type           Power        Failure   Level  Hunger
 Animate Skeleton         Necr           N/A          99%         1    ##.....
 Apportation              Tloc           #.....       99%         1    ##.....
 Corona                   Hex            #......      99%         1    ##.....
 Summon Small Mammal      Summ           #...         99%         1    ##.....


Dungeon Overview and Level Annotations

Branches:
Dungeon (7/15)             Temple (1/1) D:4

Altars:
Ashenzari
Cheibriados
Fedhas
Hepliaklqana
Kikubaaqudgha
Makhleb
Nemelex Xobeh
Ru
Sif Muna
Trog
Uskayaw
Vehumet
Xom
Yredelemnul
The Shining One

Shops:
D:4 :


Message History

The hippogriff is almost dead.
The hippogriff bites you but does no damage.
You block the hippogriff's attack. x2
You barely miss the hippogriff.
The hippogriff is almost dead.
The hippogriff bites you! The hippogriff pecks you. The hippogriff claws you.
You hit the hippogriff.
You kill the hippogriff!
You closely miss the ogre.
The ogre hits you with a +0 giant spiked club!!
* * * LOW HITPOINT WARNING * * *
You bludgeon the ogre!!
The ogre is severely wounded.
You closely miss the ogre.
The ogre is severely wounded.
You block the ogre's attack.
You hit the ogre.
The ogre is severely wounded.
The ogre hits you with a +0 giant spiked club!
You die...

.#.# .#. ####+#..
#......#
##########+##......+
............#.....)#
............# #'#
............# #O#
.#########'## #@#
......# #.# #.#
......# #.# #.#
#.....+ #.#####.##
......## #.)))....#
.......# ##########
#......#.#
#......#.#
#......#.#


You could see an ogre.

Vanquished Creatures
  Harold (D:7)
  Pikel (D:5)
  A hornet (D:7)
  Grinder (D:4)
  A hippogriff (D:7)
  A sky beast (D:6)
  An ice beast (D:6)
  2 bullfrogs
  A scorpion (D:5)
  A water moccasin skeleton (D:5)
  A bullfrog zombie (D:5)
  4 orc priests
  A centaur skeleton (D:4)
  8 orc wizards
  A bullfrog skeleton (D:7)
  Natasha (twice) (D:4)
  4 worker ants
  11 gnolls
  8 adders
  A shadow imp (D:7)
  An adder skeleton (D:7)
  3 worms (D:2)
  2 dart slugs
  3 leopard geckos
  7 orcs
  5 ball pythons
  6 giant cockroaches
  2 goblins
  6 hobgoblins
  6 jackals
  2 quokkas
  6 bats
  6 frilled lizards
  4 kobolds
  A leopard gecko skeleton (D:5)
  A quokka skeleton (D:4)
  A quokka zombie (D:7)
  7 rats
121 creatures vanquished.

Vanquished Creatures (others)
  A slave (D:5)
  A hound skeleton (D:5)
  A gnoll (D:5)
  An adder zombie (D:5)
  A giant cockroach (D:5)
  2 jackals (D:5)
  A quokka (D:5)
8 creatures vanquished.

Grand Total: 129 creatures vanquished

Notes
Turn   | Place    | Note
-------+----------+-------------------------------------------
     0 | D:1      | Faca the Human Fighter began the quest for the Orb.
     0 | D:1      | Reached XP level 1. HP: 18/18 MP: 1/1
   129 | D:1      | Reached XP level 2. HP: 20/24 MP: 2/2
   760 | D:2      | Reached XP level 3. HP: 26/29 MP: 3/3
   915 | D:2      | Reached XP level 4. HP: 36/37 MP: 4/4
  1546 | D:2      | Reached XP level 5. HP: 26/42 MP: 5/5
  2447 | D:3      | Reached XP level 6. HP: 44/50 MP: 6/6
  2455 | D:3      | Reached skill level 5 in Fighting
  2769 | D:4      | Found a staircase to the Ecumenical Temple.
  2775 | Temple   | Entered the Ecumenical Temple
  3086 | D:4      | Noticed Natasha
  3095 | D:4      | Killed Natasha
  3242 | D:4      | Found a sacrificial altar of Ru.
  3242 | D:4      | Found a shimmering blue altar of Sif Muna.
  3242 | D:4      | Found a bloodstained altar of Trog.
  3271 | D:4      | Found Seistroesk's Book Shop.
  3608 | D:4      | Noticed Natasha
  3613 | D:4      | Killed Natasha
  3631 | D:5      | Entered Level 5 of the Dungeon
  3631 | D:5      | Noticed Pikel
  3631 | D:5      | Noticed a slave
  3631 | D:5      | Noticed a slave
  3631 | D:5      | Noticed a slave
  3631 | D:5      | Noticed a slave
  3650 | D:5      | Killed Pikel
  3650 | D:5      | Reached XP level 7. HP: 26/59 MP: 7/7
  3650 | D:5      | Reached XP level 8. HP: 29/65 MP: 8/8
  3909 | D:5      | Noticed Grinder
  4215 | D:4      | Killed Grinder
  5320 | D:6      | Found a burning altar of Makhleb.
  5320 | D:6      | Noticed an Executioner
  5323 | D:6      | Noticed a hellwing
  5323 | D:6      | Noticed a hellwing
  5371 | D:6      | Reached XP level 9. HP: 74/74 MP: 9/9
  5629 | D:6      | Upgraded the game from 0.25-a0-797-g0023389 to
                  | 0.25-a0-822-g6581751
  6364 | D:6      | Found a radiant altar of Vehumet.
  6701 | D:7      | Found a blossoming altar of Fedhas.
  6708 | D:7      | Noticed a hornet
  6715 | D:7      | Paralysed by a hornet for 1 turns
  6723 | D:7      | HP: 1/75 [hornet (13)]
  6725 | D:7      | Killed a hornet
  6728 | D:7      | HP: 1/112 [poisoned by a hornet]
  7138 | D:7      | Found a shimmering altar of Xom.
  7166 | D:7      | Noticed Harold
  7185 | D:7      | Killed Harold
  7192 | D:7      | Reached XP level 10. HP: 39/84 MP: 10/10
  7502 | D:7      | Mangled by an ogre

Levels and vault maps discovered:
D:1:      scummos_arrival_star, layout_loops_ring, serial_bayou_lagoon_b
D:2:      layout_loops_ring
D:3:      layout_rooms
D:4:      layout_basic, chequers_temple_overflow_statue_of_worship,
          minmay_temple_entry_offerings, serial_shops, nicolae_shop_trees,
          uniq_natasha
D:5:      layout_loops_ring, first_ration, uniq_grinder, uniq_pikel
D:6:      layout_rooms, kennysheep_mini, makhleb_altar_promises_db
D:7:      layout_basic, fedhas_altar_3, zin_purify,
          nicolae_dithmenos_through_a_glass_darkly, overflow_temple_1_default,
          xom_butterflies, minitemple, minmay_misc_feat_hallway, uniq_harold
Temple:   nicolae_temple_figure_zero

Skill      XL: |  1  2  3  4  5  6  7  8  9 |
---------------+----------------------------+-----
Maces & Flails | 3 4 6 7 9 |  9.6
Fighting       | 4 6 8 9 |  9.9
Armour         | |  3.0
Shields        | |  3.0

Action                   |  1- 3 |  4- 6 |  7- 9 | 10-12 || total
-------------------------+-------+-------+-------+-------++-------
Melee: Flail             |    90 |   223 |   244 |    24 ||   581
  Use: Scroll            |     3 |     9 |     2 |       ||    14
       Potion            |       |     4 |     2 |       ||     6
  Eat: Chunk             |       |     9 |     8 |     1 ||    18
       Ration            |       |       |     1 |       ||     1
Armor: Scale mail        |    51 |   108 |   117 |    10 ||   286
       Skin              |       |     1 |       |       ||     1
Dodge: Dodged            |    31 |    73 |    75 |     2 ||   181
Block: Kite shield       |    44 |   117 |   120 |    16 ||   297

Table legend:
 A = Non-vault XP
 B = Vault XP
 C = Vault XP percentage of total XP
 D = Non-vault monster count
 E = Vault monster count
 F = Vault count percentage of total count
                 A         B        C        D         E       F
            +---------+---------+-------+---------+---------+-------
      Total |    2309 |    1926 |  45.5 |     117 |       4 |   3.3
            +---------+---------+-------+---------+---------+-------
        D:1 |      24 |       0 |   0.0 |      15 |       0 |   0.0
        D:2 |     102 |       0 |   0.0 |      22 |       0 |   0.0
        D:3 |     219 |       0 |   0.0 |      26 |       0 |   0.0
        D:4 |     119 |     317 |  72.7 |      11 |       2 |  15.4
        D:5 |     465 |     617 |  57.0 |      19 |       1 |   5.0
        D:6 |     562 |       0 |   0.0 |      11 |       0 |   0.0
        D:7 |     818 |     992 |  54.8 |      13 |       1 |   7.1
            +---------+---------+-------+---------+---------+-------
